 Dungeon Crawl Stone Soup version 0.25-a0-294-gea9b1ad (webtiles) character file.

Game seed: 9575977339464840218, levelgen mode: deterministic

37 MrTaco21 the Cudgeler (level 3, -1/29 HPs)
             Began as a Formicid Fighter on Dec 18, 2019.
             Slain by an adder (3 damage)
             ... on level 1 of the Dungeon.
             The game lasted 00:01:49 (730 turns).

MrTaco21 the Cudgeler (Formicid Fighter)             Turns: 730, Time: 00:01:50

Health: -1/29      AC:  6    Str: 21    XL:     3   Next: 62%
Magic:  3/3        EV:  7    Int:  7    God:
Gold:   34         SH:  9    Dex: 10    Spells: 2/2 levels left

rFire    . . .     SeeInvis +   a - +0 flail
rCold    . . .     Gourm    .   c - +0 shield
rNeg     . . .     Faith    .   h - +0 scale mail (curse)
rPois    .         Spirit   .   (helmet unavailable)
rElec    .         Reflect  .   (no cloak)
rCorr    .         Harm     .   (no gloves)
MR       .....                  (no boots)
Stlth    ..........             (no amulet)
HPRegen  0.09/turn              (no ring)
MPRegen  0.08/turn              (no ring)

@: lethally poisoned (-1 -> -3)
A: permanent stasis, dig shafts and tunnels, four strong arms, antennae 3
a: Dig, Shaft Self


You were on level 1 of the Dungeon.
You were not hungry.

You visited 1 branch of the dungeon, and saw 2 of its levels.

You collected 34 gold pieces.

Inventory:

Hand Weapons
 a - a +0 flail (weapon)
Armour
 c - a +0 shield (worn)
 h - a cursed +0 scale mail (worn)
   (You found it on level 1 of the Dungeon)
Scrolls
 b - a scroll of random uselessness {unknown}
 f - a scroll of fear {unknown}
 i - a scroll of identify {unknown}
Potions
 d - a potion of might
Comestibles
 e - a ration {!d}
 g - a chunk of flesh


   Skills:
 - Level 3.2 Fighting
 + Level 3.7 Maces & Flails
 - Level 3.2 Armour
 - Level 3.6 Shields


You had 2 spell levels left.
You didn't know any spells.
Your spell library was empty.

Dungeon Overview and Level Annotations

Branches:
Dungeon (2/15)

Altars:

Annotations:
D:2 Terence


Innate Abilities, Weirdness & Mutations

You cannot be hasted, slowed, berserked, paralysed or teleported.
You can dig through walls and to a lower floor.
Your four strong arms can wield two-handed weapons with a shield.
You have a pair of large antennae on your head. (SInv)


Message History

The adder bites you. The goblin barely misses you.
You barely miss Terence. The adder barely misses you.
Terence hits you with a cursed +0 short sword.
A rat comes into view.
The adder bites you but does no damage. The goblin hits you with a +0 club.
You block Terence's attack.
You hit Terence. The adder bites you but does no damage.
The goblin barely misses you. You block Terence's attack.
The adder bites you but does no damage.
You barely miss Terence. The adder bites you. You block Terence's attack.
You block the goblin's attack.
A goblin comes into view. It is wielding a +0 dagger.
The adder bites you but does no damage. Terence hits you but does no damage.
You closely miss Terence.
The goblin shouts!
You hear a shout!
You block the goblin's attack. The adder bites you.
You are poisoned.
The adder poisons you! Terence completely misses you.
You hit Terence but do no damage.
You feel sick. The adder bites you but does no damage.
You block the goblin's attack. You block Terence's attack.
The adder barely misses you. The goblin hits you but does no damage.
You hit Terence. The adder bites you.
Terence drinks a potion.
Terence is healed!
The goblin hits you with a +0 club.
You closely miss Terence.
You feel sick. The adder bites you.
* * * LOW HITPOINT WARNING * * *
A goblin comes into view.
You block Terence's attack. The adder bites you but does no damage.
You block the goblin's attack.
Terence hits you with a cursed +0 short sword.
* * * LOW HITPOINT WARNING * * *
You block the goblin's attack.
A goblin comes into view. It is wielding a +0 dagger.
The goblin hits you but does no damage. You block the adder's attack.
There is a stone staircase leading up here.
The adder bites you.
* * * LOW HITPOINT WARNING * * *
You climb upwards.
You feel sick.
There is a stone staircase leading down here.
You sock the adder! You block the adder's attack.
You block the goblin's attack. The adder bites you but does no damage.
The goblin hits you but does no damage.
You miss the adder. You block the adder's attack.
You block the goblin's attack. The adder bites you but does no damage.
You closely miss the adder.
You feel sick. The adder closely misses you.
The goblin hits you with a +0 dagger.
* * * LOW HITPOINT WARNING * * *
You closely miss the adder. The adder bites you but does no damage.
The goblin hits you but does no damage. The adder bites you.
You die...

........#........# ##'##.##'##
........#........# ##.##...##.##
........#........# #.##.....##.#
........#......#.# ##'...<...'###
....[...#......#.######.....####.
##.....##.............##...## ##.
##.###.######.........###.## #..
.#.##....# #...g.....###.#####..
.#.##....# #...@................
.#.##....# #...S.....####.[.....
.#.##....# #.........# #......#
.#.##....# #.........# #......#
.#.##....# #.........# #......#
.#.##....# #.........# ########
.#.##....# #)........# .#.###.###
########### ##.# #.#


You could see an adder and a goblin.

Vanquished Creatures
  A dart slug (D:1)
  A leopard gecko (D:1)
  A ball python (D:1)
  2 giant cockroaches (D:1)
  7 goblins (D:1)
  5 hobgoblins (D:1)
  2 kobolds (D:1)
  7 bats (D:1)
  4 rats (D:1)
30 creatures vanquished.

Notes
Turn   | Place    | Note
-------+----------+-------------------------------------------
     0 | D:1      | MrTaco21 the Formicid Fighter began the quest for the Orb.
     0 | D:1      | Reached XP level 1. HP: 18/18 MP: 1/1
    49 | D:1      | Reached XP level 2. HP: 21/24 MP: 2/2
   289 | D:1      | Reached XP level 3. HP: 24/29 MP: 3/3
   709 | D:2      | Noticed Terence
   729 | D:1      | HP: 1/29 [goblin/+0 dagger[Robin] (1)]
   730 | D:1      | Slain by an adder

Levels and vault maps discovered:
D:1:      dpeg_arrival_rhombi, layout_basic
D:2:      layout_rooms, uniq_terence, uniq_robin

Skill      XL: |  1  2 |
---------------+-------+-----
Maces & Flails | 3 |  3.7
Fighting       | |  3.2
Armour         | |  3.2
Shields        | |  3.6

Action                   || total
-------------------------++-------
Melee: Flail             ||   105
Armor: Scale mail        ||    65
Dodge: Dodged            ||    40
Block: Shield            ||    83

Table legend:
 A = Non-vault XP
 B = Vault XP
 C = Vault XP percentage of total XP
 D = Non-vault monster count
 E = Vault monster count
 F = Vault count percentage of total count
                 A         B        C        D         E       F
            +---------+---------+-------+---------+---------+-------
      Total |      54 |       0 |   0.0 |      30 |       0 |   0.0
            +---------+---------+-------+---------+---------+-------
        D:1 |      54 |       0 |   0.0 |      30 |       0 |   0.0
            +---------+---------+-------+---------+---------+-------
